 Dungeon Crawl Stone Soup version 0.30-a0-618-gd6c86c23d0 (webtiles) character file.

Game seed: 10787010552191428628

43925 wormed the Basher (level 14, -2/77 HPs)
             Began as a Vine Stalker Fighter on Jan 10, 2023.
             Was a Follower of Jiyva.
             Succumbed to barbed spike wounds
             ... on level 5 of the Lair of Beasts.
             The game lasted 00:20:04 (11659 turns).

wormed the Basher (Vine Stalker Fighter)           Turns: 11659, Time: 00:20:04

Health: -2/77      AC: 20    Str: 29    XL:     14   Next: 26%
Magic:  0/15       EV: 11    Int:  8    God:    Jiyva [*.....]
Gold:   1042       SH: 13    Dex: 16    Spells: 13/13 levels left

rFire   + + +      SeeInvis +    e - +4 demon whip (elec)
rCold   + + .      Faith    .    a - +1 kite shield
rNeg    + + .      Spirit   +    u - +4 plate armour of the Forest {rElec rF+++ Int-4 Stlth-}
rPois   +          Reflect  .    U - -2 hat of the Alchemist {rElec rPois rF+ rC+ rN+ Will+ rMut rCorr}
rElec   +          Harm     .    h - +0 cloak
rCorr   +          Rampage  .    (no gloves)
rMut    +                        q - +1 pair of boots "Damnable Contraption" {Str+7 Slay+3}
Will    ++...                    f - amulet of the Saviour {RegenMP rN+ Int+4 Slay+5} Stlth
                                 B - ring of see invisible
HPRegen 1.92/turn                A - ring of protection from cold
MPRegen 0.79/turn

@: silenced, spiked
A: fangs 3, regeneration 1, magic shield, antimagic bite, no potion heal 2
a: Renounce Religion


You were on level 5 of the Lair of Beasts.
You worshipped Jiyva.
Jiyva was aware of your devotion.
You visited 3 branches of the dungeon, and saw 15 of its levels.
You also visited: Sewer and Ossuary.

You collected 1042 gold pieces.

Inventory:

Hand Weapons
 e - a +4 demon whip of electrocution (weapon)
Missiles
 i - 45 poisoned darts (quivered)
 J - 3 curare-tipped darts
Armour
 a - a +1 kite shield (worn)
 h - a +0 cloak (worn)
 q - the +1 pair of boots "Damnable Contraption" (worn) {Str+7 Slay+3}
   (You found it on level 3 of the Dungeon)

   Str:       It affects your strength (+7).
   Slay:      It affects your accuracy & damage with ranged weapons and melee
   (+3).
 u - the +4 plate armour of the Forest (worn) {rElec rF+++ Int-4 Stlth-}
   (You found it on level 4 of the Lair of Beasts)

   Int:       It affects your intelligence (-4).
   rF:        It renders you almost immune to fire.
   rElec:     It insulates you from electricity.
   Stlth:     It makes you less stealthy.
 U - the -2 hat of the Alchemist (worn) {rElec rPois rF+ rC+ rN+ Will+ rMut rCorr}
   (You found it on level 4 of the Lair of Beasts)

   rF:        It protects you from fire.
   rC:        It protects you from cold.
   rElec:     It insulates you from electricity.
   rPois:     It protects you from poison.
   rN:        It protects you from negative energy.
   rCorr:     It protects you from acid and corrosion.
   rMut:      It protects you from mutation.
   Will:      It increases your willpower.
Jewellery
 f - the amulet of the Saviour (around neck) {RegenMP rN+ Int+4 Slay+5}
   (You acquired it on level 2 of the Dungeon)

   [amulet of magic regeneration]

   It increases your rate of magic regeneration.
   Int:       It affects your intelligence (+4).
   Slay:      It affects your accuracy & damage with ranged weapons and melee
   (+5).
   rN:        It protects you from negative energy.
 A - a ring of protection from cold (right hand)
 B - a ring of see invisible (left hand)
 S - a ring of flight
 V - a +6 ring of dexterity
Wands
 y - a wand of paralysis (20)
 G - a wand of mindburst (19)
 H - a wand of roots (8)
 I - a wand of polymorph (9)
 P - a wand of flame (13)
 T - a wand of digging (9)
Scrolls
 g - 3 scrolls of immolation
 j - 2 scrolls of fear
 l - 4 scrolls of teleportation
 m - a scroll of amnesia
 n - 3 scrolls of magic mapping
 r - a scroll of enchant armour
 s - 3 scrolls of butterflies
 t - a scroll of brand weapon
 w - a scroll of silence
 C - a scroll of vulnerability
 F - a scroll of poison
 M - 3 scrolls of blinking
 O - 2 scrolls of noise
Potions
 d - 2 potions of might
 k - 3 potions of flight
 o - a potion of lignification
 p - 4 potions of brilliance
 v - 6 potions of haste
 x - 2 potions of magic
 z - 3 potions of berserk rage
 D - 2 potions of cancellation
 E - 9 potions of curing
 K - a potion of attraction
 L - 3 potions of mutation {unknown}
 N - a potion of invisibility {unknown}
 R - a potion of resistance {unknown}
 W - 6 potions of ambrosia


   Skills:
 + Level 10.2 Fighting
 - Level 12.0 Maces & Flails
 + Level 9.4 Armour
 + Level 8.9 Dodging
 + Level 10.1 Shields


You had 13 spell levels left.
You didn't know any spells.
Your spell library contained the following spells:

 Spells                   Type           Power      Damage    Failure   Level
 Apportation              Tloc           0%         N/A       100%        1
 Necrotise                Necr           0%         1d4       100%        1
 Summon Small Mammal      Summ           0%         N/A       100%        1
 Cigotuvi's Dreadful Rot  Necr/Pois/Air  0%         N/A       100%        2
 Ensorcelled Hibernation  Hex/Ice        0%         N/A       100%        2
 Passwall                 Tmut/Erth      0%         N/A       100%        2
 Sublimation of Blood     Necr           0%         N/A       100%        2
 Wereblood                Tmut           0%         N/A       100%        2
 Dazzling Flash           Conj/Hex       0%         N/A       100%        3
 Swiftness                Air            0%         N/A       100%        3
 Dispel Undead            Necr           0%         3d6       100%        4
 Iskenderun's Mystic Bla  Conj/Tloc      0%         2d3       100%        4
 Summon Ice Beast         Ice/Summ       0%         N/A       100%        4
 Summon Mana Viper        Hex/Summ       0%         N/A       100%        5
 Death Channel            Necr           0%         N/A       100%        6
 Starburst                Conj/Fire      0%         6d3       100%        6
 Monstrous Menagerie      Summ           0%         N/A       100%        7
 Summon Hydra             Summ           0%         N/A       100%        7


Dungeon Overview and Level Annotations

Branches:
Dungeon (9/15)             Temple (1/1) D:6            Lair (5/5) D:9
 Shoals (0/4) Lair:2       Spider (0/4) Lair:3        Slime (0/5) Lair:5
  Sewer (visited)         Ossuary (visited)
    Orc: D:9-12

Altars:
Ashenzari
Cheibriados
Dithmenos
Fedhas
Gozag
Hepliaklqana
Kikubaaqudgha
Makhleb
Nemelex Xobeh
Okawaru
Qazlal
Ru
Sif Muna
Trog
Uskayaw
Vehumet
Wu Jian
Xom
Yredelemnul
Zin
The Shining One
Jiyva

Shops:
D:4 ?   D:6 =   D:8 *


Innate Abilities, Weirdness & Mutations

You have razor-sharp teeth.
Your natural rate of healing is unusually fast.
When hurt, damage is shared between your health and your magic reserves.
Your bite disrupts and absorbs the magic of your enemies.
Potions cannot restore your health.


Message History

Lightning courses through the red devil!!
You kill the red devil!
The barbs in your skin will harm you if you move.
Continue?
Okay, then.
The orange demon stings you but does no damage.
The orange demon stings you from afar!
* * * LOW HITPOINT WARNING * * *
The barbs in your skin will harm you if you move.
Continue?
The barbed spikes dig painfully into your body as you move.
* * * LOW HITPOINT WARNING * * *
The barbed spikes dig painfully into your body as you move.
* * * LOW HITPOINT WARNING * * *
The barbed spikes dig painfully into your body as you move.
* * * LOW HITPOINT WARNING * * *
There is an open door here.
The barbed spikes dig painfully into your body as you move.
* * * LOW HITPOINT WARNING * * *
You close the door.
The barbed spikes dig painfully into your body as you move.
* * * LOW HITPOINT WARNING * * *
An orange demon opens the door.
The smoke demon gestures at you. Something smites you!
* * * LOW HITPOINT WARNING * * *
The barbed spikes dig painfully into your body as you move.
* * * LOW HITPOINT WARNING * * *
As you read the scroll of teleportation, it crumbles to dust.
You feel strangely unstable. You block the orange demon's attack.
The smoke demon gestures at you. Something smites you!
* * * LOW HITPOINT WARNING * * *
As you read the scroll of silence, it crumbles to dust.
A profound silence engulfs you.
Your surroundings suddenly seem different.
A dream sheep comes into view.
The acid blob hits the dream sheep!!
The dream sheep dies!
The barbed spikes dig painfully into your body as you move.
You die...

#.............###.##.....♣
#............###...p#...♣♣
#.......p..............♣♣
#......................♣
##.....................♣
#......................♣
##..........#..........♣♣
##...........#..........♣
#........@..............♣
#P..........P.#...##..♣♣♣
##P..........P#.....#...♣♣
#........................♣♣
##.......................♣♣
#.........................
#..............J.......♣♣♣
#............##.......♣♣♣
##...........##.........♣


You could see a neutral acid blob (wandering) (fellow slime) and a neutral human
(wandering).

Vanquished Creatures
  2 acid blobs (Lair:5)
  Kirke (Lair:5)
  7 hydras
  A boulder beetle (Lair:3)
  8 death yaks
  A two-headed ogre (D:9)
  Amaemon (D:8)
  A sun demon (Lair:5)
  3 fire crabs (Lair:4)
  2 lindwurms (Lair:4)
  A wizard (Lair:5)
  A manticore (Lair:2)
  An elephant (Lair:5)
  3 black mambas
  11 cane toads
  An orange demon (D:8)
  7 rime drakes
  12 komodo dragons
  Psyche (D:8)
  3 meliai (Lair:4)
  3 red devils (Lair:5)
  A queen bee (Lair:4)
  A wind drake (Lair:2)
  A troll (D:8)
  4 polar bears
  A hornet (D:9)
  9 blink frogs
  Prince Ribbit (D:8)
  A shadow (D:9)
  A culicivora (Lair:3)
  A wyvern (Lair:4)
  27 yaks
  A basilisk (Lair:5)
  A steam dragon (D:6)
  Edmund (D:6)
  12 water moccasins
  3 hell hounds (Lair:5)
  2 orc warriors
  Pargi (Sewer)
  2 ice beasts (D:6)
  2 ogres
  3 wolves (Lair:5)
  5 centaurs
  2 phantoms
  5 kobold brigands
  2 necrophages
  12 bullfrogs
  2 elf skeletons (D:8)
  4 scorpions
  8 wights
  22 killer bees
  3 howler monkeys
  A human zombie (D:8)
  2 jellies
  2 orc priests (D:3)
  2 iguanas
  4 orc wizards
  Ijyb (D:5)
  A human skeleton (D:8)
  8 mummies (Ossuary)
  Robin (D:2)
  7 gnolls
  6 adders
  A shadow imp (D:6)
  3 white imps
  An ufetubus (D:6)
  4 worms
  3 dart slugs
  24 orcs
  3 bats
  5 endoplasms
  2 giant cockroaches
  A gnoll zombie (Ossuary)
  13 goblins
  12 hobgoblins
  8 jackals
  30 kobolds
  5 quokkas
  5 ball pythons
  11 frilled lizards
  4 hobgoblin zombies (Ossuary)
  An orc skeleton (D:8)
  4 orc zombies
  9 rats
396 creatures vanquished.

Vanquished Creatures (others)
  A hydra (Lair:4)
  A dream sheep (Lair:5)
  A human (Lair:5)
  18 fungi
  29 plants
50 creatures vanquished.

Grand Total: 446 creatures vanquished

Notes
Turn   | Place    | Note
-------+----------+-------------------------------------------
     0 | D:1      | wormed the Vine Stalker Fighter began the quest for the
                  | Orb.
     0 | D:1      | Reached XP level 1. HP: 11/11 MP: 2/2
   103 | D:1      | Reached skill level 2 in Maces & Flails
   110 | D:1      | Reached XP level 2. HP: 13/16 MP: 1/3
   717 | D:2      | Reached XP level 3. HP: 18/19 MP: 4/4
   721 | D:2      | Noticed Robin
   729 | D:2      | Killed Robin
   832 | D:2      | Gained mutation: Your natural rate of healing is unusually
                  | fast. [Vine Stalker growth]
   832 | D:2      | Reached XP level 4. HP: 23/24 MP: 5/5
  1381 | D:2      | Reached skill level 1 in Dodging
  1430 | D:2      | Identified a scroll of acquirement
  1433 | D:2      | Acquired the amulet of the Saviour {RegenMP rN+ Int+4
                  | Slay+5}
  1586 | D:3      | Identified the +1 pair of boots "Damnable Contraption"
                  | {Str+7 Slay+3}
  1603 | D:3      | Reached skill level 3 in Maces & Flails
  1637 | D:3      | Reached XP level 5. HP: 28/28 MP: 6/6
  1685 | D:3      | Found a glowing drain.
  1689 | Sewer    | Entered a sewer
  1774 | Sewer    | Noticed Pargi
  1781 | Sewer    | Killed Pargi
  1809 | Sewer    | Reached XP level 6. HP: 32/32 MP: 7/7
  2259 | D:4      | Found Biass's Magic Scroll Shoppe.
  2266 | D:4      | Reached skill level 4 in Maces & Flails
  2342 | D:4      | Reached XP level 7. HP: 36/37 MP: 8/8
  2583 | D:5      | Entered Level 5 of the Dungeon
  2818 | D:5      | Noticed Ijyb
  2827 | D:5      | Killed Ijyb
  3050 | D:6      | Gained mutation: You have razor-sharp teeth. [Vine Stalker
                  | growth]
  3050 | D:6      | Reached XP level 8. HP: 42/42 MP: 9/9
  3064 | D:6      | Noticed Edmund
  3073 | D:6      | Killed Edmund
  3074 | D:6      | Reached skill level 5 in Maces & Flails
  3075 | D:6      | Found a broken altar of Ashenzari.
  3150 | D:6      | Found a glowing silver altar of Zin.
  3263 | D:6      | Reached skill level 6 in Maces & Flails
  3373 | D:6      | Reached XP level 9. HP: 44/46 MP: 10/10
  3468 | D:6      | Found a staircase to the Ecumenical Temple.
  3518 | D:6      | Found Tephougi's Jewellery Boutique.
  3684 | Temple   | Entered the Ecumenical Temple
  3958 | D:7      | Reached skill level 5 in Fighting
  3967 | D:7      | Reached skill level 5 in Shields
  4256 | D:7      | Reached skill level 7 in Maces & Flails
  4258 | D:7      | Reached skill level 5 in Armour
  4586 | D:8      | Noticed Amaemon
  4586 | D:8      | Noticed an orange demon
  4586 | D:8      | Found Wufoz's Assorted Antiques.
  4591 | D:8      | Killed Amaemon
  4648 | D:8      | Noticed Psyche
  4652 | D:8      | Killed an orange demon
  4653 | D:8      | Reached XP level 10. HP: 52/53 MP: 11/11
  4659 | D:8      | Killed Psyche
  4686 | D:8      | Found an ornate altar of the Wu Jian Council.
  4720 | D:8      | Noticed Prince Ribbit
  4737 | D:8      | Killed Prince Ribbit
  4738 | D:8      | Reached skill level 8 in Maces & Flails
  4844 | D:8      | Found a sand-covered staircase.
  5056 | Ossuary  | Entered an ossuary
  5372 | D:8      | Reached skill level 5 in Dodging
  5831 | D:9      | Noticed a two-headed ogre
  5837 | D:9      | Killed a two-headed ogre
  5838 | D:9      | Reached skill level 9 in Maces & Flails
  5838 | D:9      | Reached XP level 11. HP: 44/58 MP: 12/12
  5915 | D:9      | Found a staircase to the Lair.
  6124 | D:9      | Found a burning altar of Makhleb.
  6124 | D:9      | Found a sacrificial altar of Ru.
  6190 | Lair:1   | Entered Level 1 of the Lair of Beasts
  7146 | Lair:2   | Noticed a manticore
  7159 | Lair:2   | Killed a manticore
  7226 | Lair:2   | Found a staircase to the Shoals.
  7295 | Lair:2   | Reached skill level 10 in Maces & Flails
  7660 | Lair:2   | Found a dark tunnel.
  8266 | Lair:3   | Reached XP level 12. HP: 46/63 MP: 13/13
  8364 | Lair:3   | Noticed a boulder beetle
  8376 | Lair:3   | Killed a boulder beetle
  8926 | Lair:3   | Found a hole to the Spider Nest.
  9349 | Lair:4   | Found a basalt altar of Yredelemnul.
  9439 | Lair:4   | Noticed a six-headed hydra
  9443 | Lair:4   | Killed a six-headed hydra
  9444 | Lair:4   | Reached skill level 11 in Maces & Flails
  9564 | Lair:4   | Noticed a death yak
  9564 | Lair:4   | Noticed a death yak
  9575 | Lair:4   | Noticed a death yak
  9580 | Lair:4   | Noticed a death yak
  9583 | Lair:4   | Killed a death yak
  9588 | Lair:4   | Noticed a death yak
  9589 | Lair:4   | Killed a death yak
  9594 | Lair:4   | Killed a death yak
  9601 | Lair:4   | Killed a death yak
  9603 | Lair:4   | Killed a death yak
  9726 | Lair:4   | Noticed a five-headed hydra
  9733 | Lair:4   | Killed a five-headed hydra
 10049 | Lair:4   | Reached XP level 13. HP: 59/69 MP: 12/14
 10102 | Lair:4   | Reached skill level 12 in Maces & Flails
 10165 | Lair:4   | Found the -2 hat of the Alchemist {rElec rPois rF+ rC+ rN+
                  | Will+ rMut rCorr}
 10248 | Lair:4   | Identified the +4 plate armour of the Forest {rElec rF+++
                  | Int-4 Stlth-}
 10711 | Lair:5   | Entered Level 5 of the Lair of Beasts
 10889 | Lair:5   | Found a runed translucent door.
 10890 | Lair:5   | Found a viscous altar of Jiyva.
 10891 | Lair:5   | Noticed an acid blob
 10891 | Lair:5   | Noticed an acid blob
 10891 | Lair:5   | Noticed an acid blob
 10892 | Lair:5   | Found a staircase to the Slime Pits.
 10892 | Lair:5   | Noticed an acid blob
 11041 | Lair:5   | Killed an acid blob
 11071 | Lair:5   | Noticed Kirke
 11088 | Lair:5   | Killed Kirke
 11121 | Lair:5   | Killed an acid blob
 11122 | Lair:5   | Reached XP level 14. HP: 39/76 MP: 11/15
 11182 | Lair:5   | Became a worshipper of Jiyva Joif the Shapeless
 11288 | Lair:5   | Reached skill level 10 in Fighting
 11474 | Lair:5   | Reached skill level 10 in Shields
 11612 | Lair:5   | Reached * piety under Jiyva
 11618 | Lair:5   | Found a burning altar of Makhleb.
 11657 | Lair:5   | HP: 2/77 [smoke demon/divine providence (8)]
 11659 | Lair:5   | Succumbed to barbed spike wounds

Illustrated notes

Levels and vault maps discovered:
D:1:      dpeg_arrival_radiant, layout_basic, minmay_close_crescents
D:2:      layout_loops_ring, uniq_robin
D:3:      layout_rooms, gup_sewer_entry_spiral
D:4:      layout_gridville, serial_shops, nicolae_square_shop
D:5:      layout_basic, uniq_ijyb
D:6:      layout_gridville, mainiacjoe_overflow_boulevard,
          mainiacjoe_overflow_chevrons, minmay_temple_entry_trees, serial_shops,
          nicolae_shop_waterfront, serial_bayou_crossing, uniq_edmund
D:7:      layout_loops_ring, hex_large
D:8:      layout_basic, mainiacjoe_overflow_six_doors_small,
          nicolae_ossuary_entry_catacombs, nicolae_stop_n_shop_1,
          uniq_prince_ribbit1, uniq_psyche, uniq_amaemon
D:9:      layout_gridville, gammafunk_temple_overflow_elements, lair_entry_dummy
Temple:   regret_index_temple_sphere_string
Lair:1:   layout_misc_corridors, minivault_27
Lair:2:   layout_long_grid, minmay_shoals_entry_beasts, enter_volcano_1,
          serial_bayou_shore_b
Lair:3:   layout_small_grid, spider_nest_entry_rubble
Lair:4:   nzn_winding_woodlands_large [nzn_winding_woodlands_5x5_closed_star,
          nzn_winding_woodlands_5x15_default, nzn_winding_woodlands_5x5_three,
          nzn_winding_woodlands_center_lodge,
          nzn_winding_woodlands_15x15_five_gardens,
          nzn_winding_woodlands_center_diamonds,
          nzn_winding_woodlands_hourglass, nzn_winding_woodlands_5x15_default,
          nzn_winding_woodlands_5x5_perimeter], layout_cellular_growth,
          special_room [special_room_bee], basic_altar, nicolae_lair_lindhole
Lair:5:   evil_forest, layout_gridlike, slime_entry_2, uniq_kirke

Skill      XL: |  1  2  3  4  5  6  7  8  9 10 11 12 13 14 |
---------------+-------------------------------------------+-----
Maces & Flails | 2 3 4 6 7 9 10 11 12 | 12.0
Fighting       | 3 4 5 6 7 8 9 10 | 10.2
Shields        | 3 4 5 6 7 8 9 10 | 10.1
Dodging        | 1 2 3 4 5 6 7 8 |  8.9
Armour         | 3 4 5 6 7 9 |  9.4

Action                   |  1- 3 |  4- 6 |  7- 9 | 10-12 | 13-15 || total
-------------------------+-------+-------+-------+-------+-------++-------
Melee: Flail             |    88 |   129 |   145 |       |       ||   362
       Bite              |    16 |    22 |    59 |   126 |    97 ||   320
       Demon whip        |       |       |     4 |   357 |   252 ||   613
  Use: Scroll            |       |     6 |     4 |    16 |     9 ||    35
       Potion            |       |       |       |     1 |       ||     1
Armor: Scale mail        |    41 |    65 |    50 |    94 |     8 ||   258
       Plate armour      |       |       |       |       |   115 ||   115
Dodge: Dodged            |    43 |    50 |    88 |   139 |    90 ||   410
Block: Buckler           |    14 |    27 |    51 |    45 |       ||   137
       Kite shield       |       |       |       |    55 |   137 ||   192

Table legend: (Time is in decaauts)
 A = Elapsed time spent in this place.
 B = Non-inter-level travel time spent in this place.
 C = Inter-level travel time spent in this place.
 D = Time resting spent in this place.
 E = Time spent auto-exploring this place.
 F = Levels seen in this place.
 G = Mean time per level.
                   A        B        C        D        E       F      G
               +--------+--------+--------+--------+--------+-----+--------+
         Total |  11646 |  11093 |    553 |    173 |   8661 |  17 |  685.1 |
       Dungeon |   5774 |   5391 |    383 |      0 |   4169 |   9 |  641.6 |
        Temple |    166 |    148 |     18 |      0 |    133 |   1 |  166.0 |
          Lair |   5310 |   5158 |    152 |    173 |   4125 |   5 | 1062.0 |
         Sewer |    235 |    235 |      0 |      0 |    138 |   1 |  235.0 |
       Ossuary |    159 |    159 |      0 |      0 |     95 |   1 |  159.0 |
               +--------+--------+--------+--------+--------+-----+--------+

Top non-repeatable levels by time:
  Lair:4: 1367 daAuts
  Lair:2: 1101 daAuts
  Lair:3: 1048 daAuts
     D:8: 905 daAuts
  Lair:1: 903 daAuts
  Lair:5: 889 daAuts
     D:2: 819 daAuts
     D:6: 735 daAuts
     D:7: 727 daAuts
     D:1: 699 daAuts
     D:3: 634 daAuts
     D:5: 454 daAuts
     D:9: 451 daAuts
     D:4: 347 daAuts
   Sewer: 235 daAuts
